 Dungeon Crawl Stone Soup version 0.20-a0-622-g01f5896 (webtiles) character file.

399 Buffagor the Ruffian (level 6, -16/62 HPs)
             Began as a Troll Monk on Feb 10, 2017.
             Demolished by an ogre
             ... wielding a +0 giant club
              (28 damage)
             ... on level 4 of the Dungeon.
             The game lasted 00:04:00 (2474 turns).

Buffagor the Ruffian (Troll Monk)                   Turns: 2474, Time: 00:04:00

Health: -16/62     AC:  5    Str: 20    XL:     6   Next: 54%
Magic:  5/5        EV: 11    Int:  6    God:
Gold:   274        SH:  0    Dex: 14    Spells: 5/5 levels left

rFire    . . .     SeeInvis .     - Unarmed
rCold    . . .     Gourm    +   a - +0 robe
rNeg     + . .     Faith    .   (no shield)
rPois    +         Spirit   .   (helmet restricted)
rElec    .         Reflect  .   (no cloak)
rCorr    .         Harm     .   (gloves unavailable)
MR       .....                  (boots unavailable)
Stlth    ++........             (no amulet)
Regen    0.6/turn               d - ring of positive energy
                                w - ring of poison resistance

@: no status effects
A: unfitting armour, claws 3, fast metabolism 3, gourmand, regeneration 1,
shaggy fur 1, tough skin 2
a: no special abilities


You were on level 4 of the Dungeon.
You were completely stuffed.

You visited 1 branch of the dungeon, and saw 4 of its levels.

You collected 274 gold pieces.

Inventory:

Hand Weapons
 x - a +0 broad axe
Armour
 a - a +0 robe (worn)
Jewellery
 d - a ring of positive energy (right claw)
 w - a ring of poison resistance (left claw)
Wands
 r - a wand of lightning (11/15)
Scrolls
 h - a scroll of identify {unknown}
 j - a scroll of amnesia {unknown}
 l - a scroll of random uselessness {unknown}
 q - a scroll of immolation {unknown}
 s - 2 scrolls of teleportation {unknown}
 u - a scroll of magic mapping {unknown}
 v - a scroll of fog {unknown}
Potions
 c - a potion of brilliance {unknown}
 e - a potion of might {unknown}
 f - 5 potions of curing {unknown}
 g - a potion of agility {unknown}
 k - a potion of degeneration {unknown}
 o - a potion of flight {unknown}
 t - a potion of lignification {unknown}
Comestibles
 b - 5 bread rations
 i - 19 chunks of flesh
 m - a meat ration
 n - 2 royal jellies


   Skills:
 + Level 3.9 Fighting
 + Level 3.5 Dodging
 - Level 1.0 Stealth
 * Level 5.5 Unarmed Combat


You had 5 spell levels left.
You didn't know any spells.

Dungeon Overview and Level Annotations

Branches:
Dungeon (4/15)
 Temple: D:4-7

Altars:
Gozag
Hepliaklqana
Sif Muna
Uskayaw
Vehumet
Yredelemnul
Zin


Innate Abilities, Weirdness & Mutations

You are too large for most types of armour.
You have claws for hands.
Your metabolism is lightning-fast.
You like to eat raw meat.
Your natural rate of healing is unusually fast.
You are covered in fur. (AC +1)
You have very tough skin. (AC +2)


Message History

You are too injured to fight recklessly!
You are too injured to fight recklessly!
You are too injured to fight recklessly!
You are too injured to fight recklessly!
You are too injured to fight recklessly!
You are too injured to fight recklessly!
You are too injured to fight recklessly!
You are too injured to fight recklessly!
You are too injured to fight recklessly!
You claw the ogre!
The ogre is severely wounded.
The quokka barely misses you. The ogre hits you with a giant club!!
* * * LOW HITPOINT WARNING * * *
You scratch the ogre.
The ogre is severely wounded.
The quokka barely misses you.
You scratch the ogre but do no damage.
The ogre is severely wounded.
The ogre hits you with a giant club!!
You die...

..........# ###
..........##.# ........#
.......#.....###.......#
.......#......##.......#
.......#......##.......#
.......................#
.......................#
.####'#..........O.....#
. #.######....@r.....#
#..))..'.....#.###..
########.....# # #.....#
###.#)# #####


You could see an ogre and a quokka.

Vanquished Creatures
  2 ogres (D:4)
  An orc wizard (D:3)
  3 gnolls (D:4)
  6 adders
  An ooze (D:3)
  3 worms
  4 dart slugs
  12 orcs
  7 giant cockroaches
  10 hobgoblins
  2 jackals (D:4)
  A quokka (D:2)
  11 bats
  9 frilled lizards
  7 goblins
  8 kobolds
  10 rats
97 creatures vanquished.

Notes
Turn   | Place    | Note
-------+----------+-------------------------------------------
     0 | D:1      | Buffagor the Troll Monk began the quest for the Orb.
     0 | D:1      | Reached XP level 1. HP: 22/22 MP: 0/0
   132 | D:1      | Reached XP level 2. HP: 20/29 MP: 1/1
   542 | D:2      | Reached XP level 3. HP: 34/37 MP: 2/2
   682 | D:2      | Found a hazy altar of Hepliaklqana.
   773 | D:2      | Found a hide-covered altar of Uskayaw.
   872 | D:2      | Reached XP level 4. HP: 39/45 MP: 3/3
   900 | D:2      | Reached skill level 4 in Unarmed Combat
  1323 | D:3      | Found a glowing silver altar of Zin.
  1416 | D:3      | Found a basalt altar of Yredelemnul.
  1440 | D:3      | Reached XP level 5. HP: 40/53 MP: 4/4
  1600 | D:3      | Found an opulent altar of Gozag.
  2057 | D:3      | Found a radiant altar of Vehumet.
  2064 | D:3      | Found a deep blue altar of Sif Muna.
  2179 | D:4      | Noticed an ogre
  2184 | D:4      | Killed an ogre
  2184 | D:4      | Reached skill level 5 in Unarmed Combat
  2243 | D:4      | Noticed an ogre
  2250 | D:4      | Killed an ogre
  2250 | D:4      | Reached XP level 6. HP: 40/62 MP: 5/5
  2474 | D:4      | Demolished by an ogre

Vault maps used:
D:1:      saegor_arrival_under_anarchy, minmay_misc_feat_diagonals
D:2:      overflow_temple_1_default, old_standard_altar, grunt_ministairs_12,
          minmay_hedge_maze
D:3:      minmay_overflow_temple_star_quad, lemuel_doored_altar,
          yredelemnul_altar_generic
D:4:      first_bread, serial_shops, nicolae_shop_trees, hex_medium,
          kennysheep_generic_room_5

Skill      XL: |  1  2  3  4  5 |
---------------+----------------+-----
Fighting       | 3 |  3.9
Unarmed Combat | 4 5 |  5.5
Dodging        | 3 |  3.5
Stealth        | |  1.0

Action                   |  1- 3 |  4- 6 || total
-------------------------+-------+-------++-------
Melee: Unarmed           |    93 |   172 ||   265
       Punch             |     2 |     2 ||     4
  Use: Scroll            |       |     1 ||     1
 Stab: Sleeping          |       |     1 ||     1
  Eat: Chunk             |    13 |    15 ||    28
Armor: Robe              |    38 |    50 ||    88
Dodge: Dodged            |    45 |   105 ||   150
